 Dungeon Crawl Stone Soup version 0.17-a0-1951-g62301d3 (webtiles) character file.

16100 mcbry74 the Brawler (level 12, -5/122 HPs)
             Began as a Troll Monk on Oct 3, 2015.
             Was the Champion of Ru.
             Slain by a frost giant
             ... wielding a +2 battleaxe of freezing
              (11 damage)
             ... in an ice cave.
             The game lasted 01:12:46 (10689 turns).

mcbry74 the Brawler (Troll Monk)                   Turns: 10689, Time: 01:12:46

Health: -5/122     AC: 12    Str: 26    XL:     12   Next: 7%
Magic:  11/11      EV:  9    Int:  6    God:    Ru [******]
Gold:   978        SH:  0    Dex: 12    Spells: 0 memorised, 11 levels left

rFire  . . .     SeeInvis .       - Unarmed
rCold  . . .     Clarity  .     I - +0 robe
rNeg   . . .     SustAt   .     (shield unavailable)
rPois  .         Gourm    +     (helmet restricted)
rElec  .         Spirit   .     q - +1 cloak
rCorr  .         Warding  .     (gloves unavailable)
rMut   .         Rnd*Tele +     (boots unavailable)
MR     .....                    w - amulet of faith
Stlth  +.........               e - +5 ring of protection
                                (ring unavailable)

@: not resistant to hostile enchantments, very unstealthy
A: unfitting armour, claws 3, fast metabolism 3, gourmand, regeneration 2,
shaggy fur 1, teleportitis 1, tough skin 2, missing a hand, inability to train
dodging, inability to train armour
a: Draw Out Power, Power Leap, Apocalypse, Renounce Religion


You were in an ice cave.
You worshipped Ru.
Ru was exalted by your worship.
You were not hungry.

You visited 2 branches of the dungeon, and saw 12 of its levels.
You also visited: Sewer and Ice Cave.

You collected 978 gold pieces.

Inventory:

Missiles
 c - 5 poisoned tomahawks
 s - 3 tomahawks (quivered)
Armour
 q - a +1 cloak (worn)
 I - a +0 robe (worn)
Jewellery
 e - a +5 ring of protection (right claw)
 f - an uncursed ring of fire
 n - an uncursed amulet of clarity
 t - an uncursed ring of flight
 w - an amulet of faith (around neck)
 x - an uncursed ring of poison resistance
Magical devices
 l - a wand of digging (6)
 u - a wand of flame (26)
 y - a wand of cold (7)
 E - a wand of slowing (18)
 F - a wand of fire (7)
 G - a wand of paralysis (6)
Scrolls
 r - 9 scrolls of identify
 A - 3 scrolls of teleportation
 C - a scroll of magic mapping
 D - a scroll of remove curse
Potions
 d - 2 potions of might
 g - 2 potions of heal wounds
 h - 2 potions of brilliance
 i - a potion of invisibility
 j - 7 potions of curing {unknown}
 o - 2 potions of mutation
 p - a potion of poison {unknown}
 v - 5 potions of flight {unknown}
 z - 2 potions of haste {unknown}
 B - 2 potions of cancellation {unknown}
 H - a potion of degeneration {unknown}
Books
 J - a book of Dreams

   Spells                             Type                      Level
   a - Ensorcelled Hibernation        Hexes/Ice                    2
   b - Phase Shift                    Translocation                5
   c - Shadow Creatures               Summoning                    5
   d - Silence                        Hexes/Air                    5
   e - Darkness                       Hexes                        6
   f - Mass Confusion                 Hexes                        6
Comestibles
 a - 16 chunks of flesh
 b - 10 bread rations
 k - 9 slices of pizza
 m - 3 fruits


   Skills:
 + Level 8.7 Fighting
 - Level 1.1 Stealth
 * Level 16.4 Unarmed Combat
 + Level 0.9 Evocations


You had 11 spell levels left.
You didn't know any spells.

Dungeon Overview and Level Annotations

Branches:
Dungeon (11/15)            Temple (1/1) D:4            Lair (0/8) D:10
    Orc: D:9-12

Altars:
Ashenzari
Cheibriados
Dithmenos
Elyvilon
Fedhas
Gozag
Kikubaaqudgha
Makhleb
Nemelex Xobeh
Okawaru
Qazlal
Ru
Sif Muna
Trog
Vehumet
Xom
Yredelemnul
Zin
The Shining One

Shops:
D:5 %   D:8 :


Innate Abilities, Weirdness & Mutations

You are too large for most types of armour.
You have claws for hands.
Your metabolism is lightning-fast.
You like to eat raw meat.
You heal very quickly.
You are covered in fur (AC +1).
You have very tough skin (AC +2).
You are missing a hand.
You cannot train Dodging skill.
You cannot train Armour skill.
You are occasionally teleported to nearby monsters.


Message History

Things that are here:
a yak corpse x2
You mangle the frost giant!!
The frost giant is moderately wounded.
The frost giant hits you with a battleaxe of freezing!!
The frost giant freezes you!
You focus your will and blind the frost giant in retribution!
The yak gores you!
You strike the helpless frost giant from behind!
You claw the frost giant!
The frost giant is heavily wounded.
You mangle the frost giant!!
The frost giant is severely wounded.
The yak gores you!
* * * LOW HITPOINT WARNING * * *
You focus your will and slow the yak in retribution!
The frost giant hits you with a battleaxe of freezing!!
* * * LOW HITPOINT WARNING * * *
The frost giant freezes you!
You die...

###### ##### ...†.####
####.@C#
.÷#.....####....#Yh.#
######....#...####......
###....### ...... ######
..... ....# ..## ..#


You could see a frost giant (blind), a yak and a wolf.

Vanquished Creatures
  An unseen horror (D:11)
  4 hill giants
  An ugly thing (D:10)
  Joseph (D:7)
  A gargoyle (D:10)
  A kobold demonologist (Sewer)
  A fire drake (D:10)
  12 polar bears (IceCv)
  2 trolls
  Grinder (Sewer)
  Prince Ribbit (D:6)
  A deep elf mage (D:10)
  12 yaks (IceCv)
  A wyvern (D:9)
  3 hippogriffs
  4 wolves (IceCv)
  6 orc warriors
  3 sky beasts
  5 ogres
  9 ice beasts
  A necrophage (D:10)
  3 phantoms
  8 centaurs
  5 giant frogs
  A crocodile (D:10)
  6 big kobolds
  A wyvern zombie (D:4)
  A gnoll sergeant (D:10)
  A water moccasin zombie (D:6)
  2 scorpions
  11 killer bees
  12 wights
  2 crimson imps
  4 orc priests
  A giant frog skeleton (D:10)
  2 jellies
  2 quasits
  3 hounds
  A centaur skeleton (D:7)
  3 iguanas
  Natasha (twice) (D:2)
  6 orc wizards
  8 worker ants
  2 big kobold zombies (Sewer)
  2 hound zombies
  3 hound skeletons
  Robin (D:4)
  11 gnolls
  18 adders
  5 shadow imps (Sewer)
  An ufetubus (Sewer)
  3 oozes (Sewer)
  An adder zombie (D:5)
  2 worms (D:2)
  An adder skeleton (D:8)
  9 giant geckos
  37 orcs
  2 ball pythons
  2 bat zombies (Sewer)
  8 giant cockroaches
  11 goblins
  9 hobgoblins
  6 jackals
  48 kobolds
  9 quokkas
  9 bats
  5 giant newts
  A jackal skeleton (D:4)
  A kobold zombie (Sewer)
  2 quokka skeletons
  5 rats
370 creatures vanquished.

Vanquished Creatures (others)
  A yak (IceCv)
  A wight (D:7)
  A giant frog zombie (D:11)
  An orc wizard (D:9)
  An orc (D:4)
  A kobold zombie (Sewer)
6 creatures vanquished.

Grand Total: 376 creatures vanquished

Notes
Turn   | Place    | Note
--------------------------------------------------------------
     0 | D:1      | mcbry74 the Troll Monk began the quest for the Orb.
     0 | D:1      | Reached XP level 1. HP: 22/22 MP: 0/0
   115 | D:1      | Reached XP level 2. HP: 29/29 MP: 1/1
   530 | D:1      | Reached XP level 3. HP: 31/36 MP: 2/2
  1080 | D:3      | Gained mutation: You regenerate. [potion of mutation]
  1080 | D:3      | Lost mutation: You regenerate. [potion of mutation]
  1080 | D:3      | Gained mutation: You are occasionally teleported to nearby monsters. [potion of mutation]
  1094 | D:3      | Reached XP level 4. HP: 44/44 MP: 3/3
  1157 | D:3      | Reached skill level 5 in Unarmed Combat
  1324 | D:4      | Noticed an ogre
  1333 | D:4      | Killed an ogre
  1333 | D:4      | Reached XP level 5. HP: 32/53 MP: 4/4
  1409 | D:4      | Reached skill level 6 in Unarmed Combat
  1417 | D:4      | Found a staircase to the Ecumenical Temple.
  1424 | Temple   | Entered the Ecumenical Temple
  1486 | Temple   | Became a worshipper of Ru the Awakened
  1500 | Temple   | Gained mutation: You cannot train Armour skill. [Ru sacrifice]
  1500 | Temple   | Acquired Ru's first power
  1847 | D:3      | Reached XP level 6. HP: 42/61 MP: 5/5
  2626 | D:2      | Noticed Natasha
  2636 | D:2      | Killed Natasha
  2958 | D:2      | Noticed Natasha
  2963 | D:2      | Killed Natasha
  3150 | D:4      | Noticed a phantom
  3195 | D:4      | Killed a phantom
  3195 | D:4      | Reached skill level 7 in Unarmed Combat
  3295 | D:4      | Noticed Robin
  3313 | D:4      | Killed Robin
  3482 | D:4      | Reached XP level 7. HP: 42/68 MP: 6/6
  3660 | D:4      | Noticed an ogre
  3665 | D:4      | Killed an ogre
  3886 | D:4      | Gained mutation: You cannot train Dodging skill. [Ru sacrifice]
  3886 | D:4      | Acquired Ru's second power
  3886 | D:4      | Acquired Ru's third power
  4090 | D:4      | Reached skill level 8 in Unarmed Combat
  4206 | D:5      | Entered Level 5 of the Dungeon
  4241 | D:5      | Found Othriec's Food Emporium.
  4536 | D:5      | Found an iron altar of Okawaru.
  4961 | D:6      | Reached XP level 8. HP: 56/79 MP: 7/7
  4968 | D:6      | Reached skill level 9 in Unarmed Combat
  5075 | D:6      | Found a glowing drain.
  5104 | Sewer    | Entered a sewer
  5241 | Sewer    | Found a burning altar of Makhleb.
  5264 | Sewer    | Noticed Grinder
  5267 | Sewer    | Paralysed by Grinder for 2 turns
  5272 | Sewer    | Killed Grinder
  5272 | Sewer    | Reached skill level 10 in Unarmed Combat
  5295 | Sewer    | Noticed an apprentice kobold demonologist
  5312 | Sewer    | Killed an apprentice kobold demonologist
  5312 | Sewer    | Reached skill level 5 in Fighting
  5690 | D:6      | Noticed Prince Ribbit
  5701 | D:6      | Reached XP level 9. HP: 88/88 MP: 8/8
  5725 | D:6      | Reached skill level 11 in Unarmed Combat
  5883 | D:6      | Killed Prince Ribbit
  6117 | D:7      | Noticed Joseph
  6131 | D:7      | Killed Joseph
  6256 | D:7      | Reached skill level 12 in Unarmed Combat
  6286 | D:7      | You fall through a shaft for 2 floors!
  6696 | D:8      | Reached XP level 10. HP: 85/100 MP: 9/9
  6915 | D:8      | Found Lucexteu's Book Emporium.
  7339 | D:8      | Found a burning altar of Makhleb.
  7341 | D:8      | Noticed a balrug
  7434 | D:7      | Reached skill level 13 in Unarmed Combat
  7560 | D:7      | Found an iron altar of Okawaru.
  8328 | D:9      | Found a basalt altar of Yredelemnul.
  8907 | D:10     | Entered Level 10 of the Dungeon
  8931 | D:10     | Found a staircase to the Lair.
  9037 | D:10     | Noticed a hill giant
  9049 | D:10     | Killed a hill giant
  9049 | D:10     | Reached skill level 14 in Unarmed Combat
  9189 | D:10     | Noticed a hill giant
  9197 | D:10     | Killed a hill giant
  9250 | D:10     | Noticed a hill giant
  9275 | D:10     | Gained mutation: You are missing a hand. [Ru sacrifice]
  9275 | D:10     | Acquired Ru's fourth power
  9275 | D:10     | Acquired Ru's fifth power
  9393 | D:10     | Reached XP level 11. HP: 68/109 MP: 10/10
  9769 | D:10     | Killed a hill giant
 10111 | D:11     | Noticed a hill giant
 10120 | D:11     | Killed a hill giant
 10120 | D:11     | Reached skill level 15 in Unarmed Combat
 10207 | D:11     | Killed an unseen horror
 10311 | D:11     | Found a frozen archway.
 10322 | IceCv    | Entered an ice cave
 10487 | IceCv    | Reached skill level 16 in Unarmed Combat
 10632 | IceCv    | Reached XP level 12. HP: 109/122 MP: 11/11
 10671 | IceCv    | Noticed a frost giant
 10689 | IceCv    | HP: 6/122 [frost giant/battleaxe of freezing (29)]
 10689 | IceCv    | Slain by a frost giant

Vault maps used:
D:1:      dpeg_arrival_arbitrary_a, roderic_curled_sauvastika
D:2:      uniq_natasha
D:3:      first_bread
D:4:      minmay_temple_entry_nine_rooms, uniq_robin
D:5:      serial_shops, nicolae_shop_stone, okawaru_metal_pillars_1_2
D:6:      portal_sewer_entry_f, uniq_prince_ribbit1
D:7:      basic_altar, uniq_joseph
D:8:      serial_shops, shop, grunt_pizzeria, makhleb_altar_promises_db
D:9:      minmay_goldmine, yredelemnul_altar_generic
D:10:     minmay_lair_entry_lava
D:11:     portal_ice_cave_entry_ice_beasts, guppyfry_shop_venom
Temple:   grunt_circular_temple_18
Sewer:    kennysheep_sewer_church
IceCv:    ice_cave_small_giant

Action                   |  1- 3 |  4- 6 |  7- 9 | 10-12 || total
-------------------------+-------+-------+-------+-------++-------
Melee: Unarmed           |    91 |   175 |   312 |   506 ||  1084
Invok: Sacrifice Durabil |       |     1 |       |       ||     1
       Sacrifice Nimblen |       |       |     1 |       ||     1
       Reject Sacrifices |       |       |     1 |       ||     1
       Sacrifice a Hand  |       |       |       |     1 ||     1
       Draw Out Power    |       |       |       |     1 ||     1
 Abil: Evoke Flight      |       |       |     3 |       ||     3
Evoke: Wand              |       |       |     1 |       ||     1
  Use: Scroll            |     2 |     4 |    10 |     2 ||    18
       Potion            |     1 |     1 |     1 |     3 ||     6
 Stab: Sleeping          |       |     6 |     3 |       ||     9
       Invisible         |       |       |     4 |     7 ||    11
       Paralysed         |       |       |       |     9 ||     9
       Distracted        |       |       |       |     2 ||     2
  Eat: Chunk             |     7 |    20 |    15 |    33 ||    75
       Meat ration       |       |     1 |     1 |     1 ||     3
       Pizza             |       |       |     2 |       ||     2
       Bread ration      |       |       |     1 |       ||     1
       Beef jerky        |       |       |     1 |       ||     1
       Fruit             |       |       |     1 |       ||     1
